 Dungeon Crawl Stone Soup version 0.18-a0-1140-g8540535 (webtiles) character file.

582961 Gorice the Impregnable (level 27, -4/254 HPs)
             Began as a Ghoul Wanderer on Jan 17, 2016.
             Was the Champion of Okawaru.
             Killed from afar by an iron giant (67 damage)
             ... with an iron shot
             ... on level 5 of the Depths on Jan 21, 2016.
             The game lasted 10:03:07 (87302 turns).

Gorice the Impregnable (Ghoul Wanderer)            Turns: 87302, Time: 10:03:09

Health: -4/254     AC: 44    Str: 27    XL:     27
Magic:  32/33      EV: 16    Int: 13    God:    Okawaru [******]
Gold:   6536       SH:  8    Dex:  7    Spells: 0 memorised, 28 levels left

rFire  + . .     SeeInvis .     J - +8 rod of shadows (3/13) {!a}
rCold  + . .     Gourm    .     o - +1 crystal plate armour
rNeg   + + +     Faith    +     a - +3 warlock's mirror {reflect}
rPois  ∞         Spirit   .     X - +2 hat {MR+}
rElec  .         Dismiss  .     j - +2 cloak {MR+}
rCorr  .         Reflect  +     r - +2 pair of gloves {Str+3}
SustAt .         Harm     .     R - +0 pair of boots
MR     ++++.                    h - amulet of faith {!P}
Stlth  ..........               f - ring of protection from fire
                                E - +4 ring of evasion

@: heroism, rotting, incredibly resistant to hostile enchantments, extremely
unstealthy
A: rotting body, claws 1, carnivore 3, cold resistance 1, negative energy
resistance 3, slow regeneration 1, torment resistance, unbreathing
a: Heroism, Finesse, Renounce Religion
}: 2/15 runes: serpentine, barnacled


You were on level 5 of the Depths.
You worshipped Okawaru.
Okawaru was exalted by your worship.
You were not hungry.

You visited 10 branches of the dungeon, and saw 49 of its levels.
You visited the Abyss 1 time.
You visited 1 bazaar.
You also visited: Labyrinth, Trove, Sewer, Bailey and Ice Cave.

You collected 8164 gold pieces.
You spent 1628 gold pieces at shops.

Inventory:

Hand Weapons
 b - a +5 blowgun
Missiles
 u - 70 javelins (quivered)
 P - 11 javelins of penetration
 U - 14 curare-tipped needles
 Y - 9 throwing nets
Armour
 a - the +3 warlock's mirror (worn) {reflect}
   (Okawaru gifted it to you on level 2 of the Shoals)
 j - a +2 cloak of magic resistance (worn)
   (You acquired it on level 1 of the Lair of Beasts)
 o - a +1 crystal plate armour (worn)
 r - a +2 pair of gloves of strength (worn)
   (You found it in a treasure trove)
 R - a +0 pair of boots (worn)
 X - a +2 hat of magic resistance (worn)
   (Okawaru gifted it to you on level 4 of the Depths)
Rods
 J - a +8 rod of shadows (3/13) (weapon) {!a}
   (You took it off a minotaur in a labyrinth)
 T - a +2 rod of clouds (5/10) {!a}
   (You bought it in a shop in a bazaar)
Jewellery
 c - an uncursed ring of protection from cold
 f - a ring of protection from fire (right hand)
 h - an amulet of faith (around neck) {!P}
 m - an uncursed ring of protection from magic
 C - the ring "Maukhlub" {rCorr +Blink rC- rN+++}
   (You took it off an orc knight on level 1 of the Depths)

   [ring of resist corrosion]

   It makes you vulnerable to cold.
   It renders you almost immune to negative energy.
   It lets you blink.
 E - a +4 ring of evasion (left hand)
Wands
 l - a wand of heal wounds (4/9) {!d}
 H - a wand of digging (7/24)
 Q - a wand of disintegration (11/24)
Scrolls
 d - 5 scrolls of teleportation {!r}
 i - 5 scrolls of magic mapping {!r}
 n - 6 scrolls of remove curse
 p - 7 scrolls of fear {!r}
 w - 5 scrolls of silence {!r}
 D - 4 scrolls of fog
 G - 16 scrolls of identify
 K - 2 scrolls of torment {!r}
 N - 5 scrolls of blinking
Potions
 k - 3 potions of resistance {!q}
 q - 23 potions of curing
 s - 7 potions of cancellation {!q}
 z - 8 potions of might {!q}
 A - 7 potions of haste {!q}
 B - 2 potions of invisibility {!q}
 I - 2 potions of heal wounds {!q}
 L - 5 potions of agility {!q}
Miscellaneous
 e - a lamp of fire
 t - a fan of gales
 S - a sack of spiders {used: 1}
Comestibles
 g - 3 chunks of flesh
 v - 21 beef jerkies
 F - 24 meat rations {!e}


   Skills:
 - Level 22.0(27) Fighting
   Level 1.0(6.0) Polearms
 + Level 14.9(19.9) Throwing
 - Level 22.3(27) Armour
 - Level 14.0(19.0) Dodging
 - Level 5.0(10.0) Shields
 - Level 22.0(27) Unarmed Combat
 - Level 1.0 Spellcasting
   Level 1.0 Conjurations
   Level 1.1 Ice Magic
 - Level 8.0 Invocations
 + Level 15.8 Evocations


You had 28 spell levels left.
You didn't know any spells.

Dungeon Overview and Level Annotations

Branches:
Dungeon (15/15)            Temple (1/1) D:4            Lair (8/8) D:9
 Shoals (4/4) Lair:3        Snake (4/4) Lair:6        Slime (0/6) Lair:8
    Orc (2/2) D:12            Elf (3/3) Orc:2        Vaults (4/5) D:14
  Crypt (3/3) Vaults:2       Tomb (0/3) Crypt:3      Depths (5/5) D:15
    Zot: Depths:5

Altars:
Ashenzari
Cheibriados
Dithmenos
Elyvilon
Fedhas
Gozag
Kikubaaqudgha
Makhleb
Nemelex Xobeh
Okawaru
Pakellas
Qazlal
Ru
Sif Muna
Trog
Vehumet
Xom
Yredelemnul
Zin
The Shining One
Beogh
Jiyva
Lugonu

Shops:
D:5 !   D:7 *   D:8 (   Orc:2 !%?:   Elf:1 [   Snake:2 (   Snake:3 *!%}
Vaults:1 *   Vaults:2 (   Vaults:3 !   Vaults:4 *   Depths:4 %

Portals:
Hell: Depths:1 Depths:2 Depths:3 Depths:4 Depths:5
Abyss: Depths:2 Depths:4
Pandemonium: Depths:3 Depths:5
Ziggurat: Depths:2

Annotations:
Elf:1 exclusion: Roxanne, Roxanne
Elf:2 3 runed doors


Innate Abilities, Weirdness & Mutations

Your body is rotting away.
You thrive on raw meat.
You are immune to poison.
You have sharp fingernails.
You are carnivorous and can eat meat at any time.
Your flesh is cold resistant.
You are immune to negative energy.
You regenerate slowly when monsters are visible.
You are immune to unholy pain and torment.
You can survive without breathing.


Message History

The shadow dragon claws you but does no damage.
The shadow dragon claws you.
The green ugly thing is engulfed in roaring flames.
Your deep elf knight hits the stone giant but does no damage.
Damage: 23 (max 66)
The stone giant throws a large rock.
You reflect the large rock off your +3 warlock's mirror {reflect}!
The large rock hits the stone giant!!
The iron giant hits you with a giant club!
The shadow dragon is engulfed in roaring flames.
The green ugly thing is engulfed in roaring flames.
Your storm dragon simulacrum closely misses the shadow dragon.
Your storm dragon simulacrum claws the shadow dragon but does no damage.
Your storm dragon simulacrum tramples the shadow dragon but does no damage.
There is a huge open gate, spattered with blood here.
Damage: 7 (max 66)
Your deep elf knight casts a spell at the iron giant.
The orb of energy hits the stone giant.
The orb of energy explodes!
The mystic blast hits the iron giant.
The mystic blast hits the stone giant.
The mystic blast hits the green ugly thing.
The green ugly thing dies!
Okawaru accepts your kill. Something appears at your feet!
Okawaru grants you a gift!
The shadow dragon bites your storm dragon simulacrum but does no damage.
The shadow dragon claws your storm dragon simulacrum but does no damage. x2
The stone giant throws a large rock.
The large rock closely misses your deep elf knight.
The iron giant throws iron shot at you. The iron shot hits you!
* * * LOW HITPOINT WARNING * * *
Your storm dragon simulacrum bites the shadow dragon.
Your storm dragon simulacrum freezes the shadow dragon!
The shadow dragon resists.
Your storm dragon simulacrum closely misses the shadow dragon.
Your storm dragon simulacrum tramples the shadow dragon.
Your storm dragon simulacrum freezes the shadow dragon.
The shadow dragon resists.
You see here a transparent scale mail {god gift}.
Damage: 23 (max 66) Unknown command.
Unknown command.
Unknown command.
Your deep elf knight mumbles some strange words.
Your deep elf knight seems to speed up.
The shadow dragon bites your storm dragon simulacrum!
The shadow dragon claws your storm dragon simulacrum. x2
The iron giant throws iron shot at you. The iron shot hits you!
You die...

##.....###§..≈≈...''
##<....##.§§≈8≈....''
##.....##..§§§......##
##..⌠..##.Ce§§§.#######
##.....###.(§§§###......
#.....###CC§§§§#.#......
##....##..'D###§§.''....⌠
#....##..[Z###.....#.....
#....#..@..##......#++###
###'.##....+#.....###
#..'##.....+.....##
##....#....##....##
#....##.8..#....##
#....#....####..#
#....#....# ####
#....#....# #....#....#


You could see an iron giant, a shadow dragon, 2 stone giants, a friendly deep
elf knight and a friendly storm dragon simulacrum.

Vanquished Creatures
  An iron giant (Depths:4)
  Boris (Depths:4)
  6 caustic shrikes
  Vashnia (Snake:3)
  3 golden dragons
  2 bone dragons (Abyss:2)
  Jorgrun (Shoals:2)
  An Ice Fiend (IceCv)
  Asterion (Depths:1)
  A deep elf blademaster (Elf:3)
  A quicksilver dragon (Depths:5)
  2 acid blobs (Depths:3)
  A deep elf master archer (Elf:3)
  An acid blob (shapeshifter) (Vaults:4)
  6 ancient champions
  5 sphinxes
  3 tentacled starspawn (Abyss:2)
  2 tengu reavers (Depths:4)
  Ilsuiw (Shoals:4)
  Donald (Crypt:3)
  4 azure jellies (Depths:3)
  11 frost giants
  7 greater nagas
  3 revenants
  6 fire giants
  14 deep elf sorcerers
  Aizul (Snake:1)
  14 vault wardens
  3 orc warlords
  7 ghouls
  A deep elf elementalist (Depths:5)
  2 curse skulls (Crypt:1)
  A caustic shrike zombie (D:15)
  A reaper (Abyss:2)
  A war gargoyle (Vaults:3)
  A spriggan defender (Depths:4)
  18 vampire knights
  23 very ugly things
  22 ironheart preservers
  18 stone giants
  2 salamander stormcallers (Vaults:3)
  13 deep elf demonologists
  13 deep elf annihilators
  The ghost of tof the Warrior, a journeyman HOFi of Beogh (D:12)
  6 dire elephants (Lair:8)
  8 spark wasps
  A green death (Depths:3)
  11 eidola
  8 vault guards
  8 ettins
  5 death oozes (Depths:3)
  6 merfolk javelineers
  8 jiangshi
  A minotaur (Lab)
  14 merfolk impalers
  2 mummy priests
  3 quicksilver dragon zombies
  10 fire dragons
  Josephine (D:10)
  14 deep elf death magi
  4 deep elf high priests
  6 great orbs of eyes
  17 yaktaur captains
  Harold (Lair:3)
  6 rakshasas
  Fannar (D:10)
  7 entropy weavers
  15 ice dragons
  17 naga warriors
  20 ogre magi
  7 spriggan air magi
  7 hydras
  4 catoblepae
  A merfolk avatar (Shoals:4)
  13 anacondas
  Erica (Orc:2)
  12 centaur warriors
  An iron giant zombie (Depths:2)
  11 death knights
  29 dancing weapons
  5 merfolk aquamancers
  3 satyrs
  The ghost of Trivium the Cleaver, a novice HOFi of Okawaru (Bailey)
  7 deep troll earth magi
  2 alligator snapping turtles (Shoals:4)
  2 titan zombies (Crypt:2)
  16 vampire magi
  The ghost of totalnoob the Spear-Bearer, a novice FoFi (D:13)
  17 death yaks
  8 tengu warriors
  8 thrashing horrors (Abyss:2)
  3 spriggan berserkers
  8 deep troll shamans
  An orc high priest (Depths:1)
  15 naga sharpshooters
  3 hell knights (Depths:4)
  2 hell hogs (Depths:4)
  2 shock serpents (Snake:4)
  2 soul eaters (Crypt:3)
  The ghost of hadoken the Fighter, a novice DsBe of Trog (D:8)
  A wretched star (Abyss:2)
  A storm dragon skeleton (Vaults:4)
  4 storm dragon zombies (Crypt:3)
  21 deep elf knights
  4 iron trolls
  39 skeletal warriors
  A spectral red draconian (Crypt:2)
  A fire crab (Vaults:3)
  6 large abominations (Abyss:2)
  25 deep trolls
  3 unseen horrors
  2 salamander mystics (Snake:4)
  3 shadow wraiths
  2 golden dragon zombies (Crypt:3)
  An unseen horror (shapeshifter) (Vaults:3)
  8 sea snakes
  The ghost of BenSoosneb the Destroyer, a novice DrCj of Vehumet (D:7)
  A sea snake (shapeshifter) (Depths:2)
  A shadow dragon zombie (Depths:3)
  A ghost moth zombie (Abyss:2)
  A sphinx zombie (Crypt:1)
  9 naga ritualists
  A giant orange brain (shapeshifter) (Depths:4)
  A spectral hydra (Crypt:2)
  3 wizards
  18 deep elf archers
  10 flayed ghosts
  10 harpies
  2 spriggan druids (Depths:3)
  5 giant orange brains
  17 orc knights
  A harpy (shapeshifter) (Vaults:4)
  4 lindwurms (Depths:3)
  13 hill giants
  2 anaconda skeletons (Crypt:2)
  17 phantasmal warriors
  9 necromancers
  An iron dragon zombie (Crypt:2)
  A wolf spider zombie (Crypt:3)
  16 ironbrand convokers
  67 deep elf magi
  9 mana vipers
  4 orc sorcerers
  14 cyclopes
  64 ugly things
  A fire giant zombie (Crypt:2)
  A wolf spider (shapeshifter) (Vaults:4)
  7 manticores
  8 wolf spiders
  2 sphinx skeletons (D:15)
  11 salamanders
  9 griffons
  A sixfirhy (Depths:3)
  4 water nymphs
  2 hornets (shapeshifter)
  2 manticores (shapeshifter)
  18 fauns
  10 sirens
  16 elephants
  A spectral shock serpent (Crypt:2)
  A salamander (shapeshifter) (D:13)
  2 fire giant skeletons
  38 black mambas
  2 iron dragon skeletons
  A frost giant skeleton (Depths:3)
  6 smoke demons (Abyss:2)
  11 spiny frogs
  12 vault sentinels
  2 ice statues
  6 centaur skeletons
  22 naga magi
  Psyche (D:9)
  4 guardian serpents
  A shock serpent skeleton (Crypt:1)
  An orange demon (Depths:3)
  3 centaur zombies
  7 torpor snails
  3 gargoyles
  A mottled draconian zombie (Crypt:1)
  9 ice devils
  3 kobold demonologists
  55 yaktaurs
  A golden dragon simulacrum (IceCv)
  A komodo dragon (shapeshifter) (D:13)
  2 yaktaurs (shapeshifter)
  An emperor scorpion zombie (Crypt:3)
  An alligator snapping turtle skeleton (Crypt:1)
  A yaktaur skeleton (Vaults:4)
  11 komodo dragons
  6 tengu conjurers
  7 ancient zymes (Abyss:2)
  4 fire drakes
  5 anaconda simulacra (IceCv)
  15 freezing wraiths
  16 trolls
  A redback zombie (D:15)
  6 guardian mummies (Crypt:3)
  A merfolk (shapeshifter) (Depths:2)
  2 hydra zombies
  A queen bee (shapeshifter) (Depths:2)
  29 merfolk
  2 polar bears (Lair:7)
  A tengu simulacrum (Vaults:2)
  5 boulder beetles
  A hydra skeleton (Crypt:1)
  29 two-headed ogres
  A hornet zombie (Crypt:2)
  A harpy skeleton (Crypt:1)
  29 slime creatures
  4 wind drakes
  Prince Ribbit (D:8)
  10 raiju (Abyss:2)
  13 snapping turtles
  3 jumping spiders
  A raiju (shapeshifter) (D:13)
  21 blink frogs
  3 centaur simulacra
  A fire dragon zombie (Crypt:2)
  2 ettin zombies
  3 bog bodies
  A snapping turtle (shapeshifter) (Vaults:3)
  A fire giant simulacrum (Vaults:2)
  A flying skull (Abyss:2)
  An ice dragon zombie (Crypt:3)
  12 redbacks
  A black mamba zombie (Crypt:3)
  A stone giant simulacrum (Vaults:2)
  A fire dragon skeleton (Crypt:1)
  6 spriggans
  9 water elementals
  18 wraiths
  3 shadows
  A dire elephant simulacrum (IceCv)
  12 air elementals
  2 tarantellas (shapeshifter)
  10 small abominations
  5 tarantellas
  17 vampires (Crypt:3)
  A ynoxinul (Abyss:2)
  6 basilisks
  5 wyverns
  An ettin skeleton (D:15)
  3 yaks (shapeshifter)
  3 fire elementals
  90 yaks
  A hog (shapeshifter) (Elf:2)
  2 neqoxecs
  21 vampire mosquitoes
  A chaos spawn (Abyss:2)
  11 hippogriffs
  4 hungry ghosts
  2 yaktaur simulacra (Vaults:1)
  8 swamp worms (D:12)
  An iron troll simulacrum (IceCv)
  10 wargs
  Menkaure (D:6)
  43 nagas
  23 wolves
  6 harpy simulacra (IceCv)
  3 mottled dragons
  A spiny frog zombie (Crypt:1)
  3 hydra simulacra (IceCv)
  A hell hound (shapeshifter) (Vaults:4)
  8 water moccasins
  17 porcupines
  Purgy (Sewer)
  2 elephant zombies
  Duvessa (D:7)
  2 black bears
  An ice beast (D:14)
  19 orc warriors
  10 starcursed masses (Abyss:2)
  7 wasps
  4 sky beasts
  An anubis guard zombie (Crypt:3)
  14 hell hounds
  A snapping turtle zombie (Crypt:3)
  An eye of draining (D:14)
  4 phantoms
  6 necrophages
  77 ogres
  2 ettin simulacra (IceCv)
  A spriggan simulacrum (Depths:2)
  12 boggarts
  A blink frog skeleton (Crypt:3)
  17 crocodiles
  26 centaurs
  A crocodile (shapeshifter) (Depths:2)
  A hog skeleton (Crypt:3)
  A fire drake zombie (Crypt:1)
  A big kobold (shapeshifter) (Vaults:1)
  11 big kobolds
  36 giant frogs
  4 earth elementals
  A giant frog (shapeshifter) (Depths:4)
  A gnoll sergeant (D:7)
  An ogre simulacrum (Vaults:1)
  A wyvern zombie (D:13)
  A spiny frog simulacrum (Crypt:1)
  A glowing shapeshifter simulacrum (Vaults:4)
  4 wyvern skeletons
  Dowan (D:7)
  A water moccasin skeleton (D:10)
  2 scorpions
  A cyclops skeleton (Crypt:2)
  9 killer bees (D:12)
  A swamp dragon simulacrum (IceCv)
  29 wights
  A tengu skeleton (Depths:2)
  A raiju skeleton (Crypt:3)
  2 giant frog zombies
  8 crimson imps
  6 draconian simulacra (IceCv)
  14 hounds
  4 iron imps (Abyss:2)
  16 jellies
  3 giant frog skeletons
  14 orc priests
  13 iguanas
  Terence (D:3)
  13 orc wizards
  2 hell rats
  5 worker ants
  2 troll simulacra (IceCv)
  A wolf simulacrum (IceCv)
  30 sheep
  A sky beast zombie (Crypt:1)
  An ogre zombie (Crypt:3)
  A big kobold zombie (Crypt:3)
  3 hound zombies
  3 worker ant zombies
  15 gnolls
  18 river rats
  15 adders
  A shadow imp (D:13)
  11 white imps
  11 ufetubi
  5 oozes
  A worm zombie (Crypt:2)
  3 adder skeletons (D:4)
  A lava snake skeleton (Crypt:2)
  14 worms
  6 giant geckos
  91 orcs
  6 giant cockroaches
  19 goblins
  13 hobgoblins
  22 jackals
  9 quokkas
  A ball python (D:5)
  12 bats
  A giant cockroach zombie (Crypt:3)
  3 giant gecko skeletons
  3 giant newts
  A giant newt skeleton (Crypt:2)
  62 kobolds
  A quokka skeleton (D:5)
  2 quokka zombies
  7 rats
  A river rat zombie (Crypt:2)
  2 crawling corpses (Elf:3)
  3 lost souls
  2 plants
2776 creatures vanquished.

Vanquished Creatures (collateral kills)
  Nikola (Depths:1)
  A lich (Depths:4)
  Gastronok (D:10)
  A fire giant (Depths:4)
  A deep elf annihilator (Vaults:3)
  An entropy weaver (Vaults:4)
  A dancing weapon (Elf:3)
  A hell knight (Depths:2)
  A deep troll (Vaults:3)
  An orc knight (Vaults:4)
  An ugly thing (Depths:5)
  2 yaktaurs
  3 redbacks (Depths:2)
  An orc (Vaults:4)
17 creatures vanquished.

Vanquished Creatures (others)
  A deep elf master archer (Elf:3)
  A stone giant (Depths:1)
  A deep elf high priest (Elf:3)
  A yaktaur captain (Vaults:1)
  A storm dragon skeleton (Vaults:4)
  3 deep elf archers
  A naga ritualist (Snake:4)
  A deep elf mage (Vaults:4)
  A harpy (Depths:3)
  A wizard (Vaults:3)
  A worldbinder (Abyss:2)
  6 yaktaurs
  An ogre (Depths:4)
  A necrophage (D:11)
  2 centaurs
  A big kobold (D:14)
  A small abomination (Abyss:2)
  An iguana (Lair:3)
  A worker ant (D:11)
  5 bushes
  3 fulminant prisms (D:7)
  30 fungi
  2 lost souls (Crypt:3)
  33 plants
  5 starspawn tentacles (Abyss:2)
  15 starspawn tentacle segments (Abyss:2)
  6 withered plants (D:15)
126 creatures vanquished.

Grand Total: 2919 creatures vanquished

Notes
Turn   | Place    | Note
--------------------------------------------------------------
     0 | D:1      | Gorice the Ghoul Wanderer began the quest for the Orb.
     0 | D:1      | Gorice set off with: 3 curare-tipped needles, a +2 blowgun, a potion of curing, a scroll of teleportation {!r}, a +0 robe, a meat ration {!e}
     0 | D:1      | Reached XP level 1. HP: 22/22 MP: 1/1
   122 | D:1      | Reached skill level 1 in Unarmed Combat
   183 | D:1      | Reached XP level 2. HP: 24/28 MP: 2/2
   202 | D:1      | Reached skill level 2 in Unarmed Combat
   772 | D:1      | Reached XP level 3. HP: 32/34 MP: 3/3
  1170 | D:2      | Reached skill level 3 in Unarmed Combat
  1304 | D:2      | Reached XP level 4. HP: 33/41 MP: 4/4
  1317 | D:2      | Reached skill level 4 in Unarmed Combat
  1383 | D:2      | HP: 9/41 [gnoll/spear (5)]
  1791 | D:3      | Found a basalt altar of Yredelemnul.
  2042 | D:3      | Reached XP level 5. HP: 44/47 MP: 5/5
  2159 | D:3      | Reached skill level 5 in Unarmed Combat
  2311 | D:3      | Noticed Terence
  2333 | D:3      | Killed Terence
  2666 | D:3      | Noticed a big kobold
  2684 | D:3      | Killed a big kobold
  2684 | D:3      | Reached skill level 1 in Armour
  2684 | D:3      | Reached XP level 6. HP: 53/53 MP: 6/6
  2874 | D:3      | Reached skill level 6 in Unarmed Combat
  3030 | D:3      | Reached skill level 2 in Armour
  3096 | D:3      | Reached XP level 7. HP: 54/60 MP: 7/7
  3142 | D:3      | Upgraded the game from 0.18-a0-1120-g03bd624 to 0.18-a0-1121-gb454403
  3228 | D:3      | Reached skill level 7 in Unarmed Combat
  3818 | D:4      | Found a glowing drain.
  3852 | Sewer    | Entered a sewer
  3911 | Sewer    | Noticed Purgy
  3949 | Sewer    | Killed Purgy
  3949 | Sewer    | Reached skill level 3 in Armour
  4284 | D:4      | Found a staircase to the Ecumenical Temple.
  4289 | Temple   | Entered the Ecumenical Temple
  4370 | Temple   | Became a worshipper of Warmaster Okawaru
  4813 | D:4      | Reached skill level 8 in Unarmed Combat
  5158 | D:5      | Entered Level 5 of the Dungeon
  5165 | D:5      | Reached XP level 8. HP: 67/67 MP: 8/8
  5356 | D:5      | Found Ruowit's Distillery.
  5425 | D:5      | Got a faintly glowing brass ring
  5664 | D:5      | Bought a potion of might for 48 gold pieces
  5664 | D:5      | Bought a potion of agility for 48 gold pieces
  5664 | D:5      | Bought a potion of haste for 120 gold pieces
  5667 | D:5      | Identified the ring of the Pure Souls {+Fly Str+3} (You took it off an orc on level 5 of the Dungeon)
  5719 | D:5      | Reached skill level 4 in Armour
  6140 | D:6      | Reached * piety under Okawaru
  6160 | D:6      | Found an ancient bone altar of Kikubaaqudgha.
  6405 | D:6      | Reached skill level 9 in Unarmed Combat
  6630 | D:6      | Noticed Menkaure
  6635 | D:6      | Killed Menkaure
  6920 | D:6      | You fall through a shaft for 2 floors!
  6934 | D:8      | Reached skill level 5 in Armour
  6934 | D:8      | Reached skill level 10 in Unarmed Combat
  6956 | D:8      | Reached XP level 9. HP: 72/72 MP: 9/9
  7156 | D:7      | Found Nebigh's Assorted Antiques.
  7187 | D:7      | Reached ** piety under Okawaru
  7258 | D:7      | Found a shadowy altar of Dithmenos.
  7263 | D:7      | Noticed BenSoosneb's ghost (novice DrCj)
  7287 | D:7      | Killed BenSoosneb's ghost
  7293 | D:7      | Noticed Duvessa
  7293 | D:7      | Noticed Dowan
  7306 | D:7      | Killed Duvessa
  7312 | D:7      | Killed Dowan
  7312 | D:7      | Reached skill level 11 in Unarmed Combat
  7392 | D:7      | Found an opulent altar of Gozag.
  7392 | D:7      | Found a sparkling altar of Nemelex Xobeh.
  7714 | D:7      | Noticed a hill giant
  7717 | D:7      | Noticed a purple ugly thing
  8131 | D:7      | Found a shattered altar of Ashenzari.
  8142 | D:7      | Reached skill level 6 in Armour
  8161 | D:7      | Found a deep blue altar of Sif Muna.
  8301 | D:8      | Got a steaming great sword
  8524 | D:8      | Noticed hadoken's ghost (novice DsBe)
  8554 | D:8      | Killed hadoken's ghost
  8554 | D:8      | Reached skill level 12 in Unarmed Combat
  8554 | D:8      | Reached XP level 10. HP: 73/80 MP: 7/10
  8701 | D:8      | Found Ole Lopn's Weapon Boutique.
  8735 | D:8      | Reached *** piety under Okawaru
  8735 | D:8      | Reached skill level 7 in Armour
  8863 | D:8      | Noticed a hill giant
  9262 | D:8      | Found a shimmering altar of Xom.
  9412 | D:5      | Bought a potion of cancellation for 96 gold pieces
  9541 | D:8      | Killed a hill giant
  9541 | D:8      | Reached skill level 13 in Unarmed Combat
  9651 | D:9      | Noticed Prince Ribbit
  9699 | D:8      | Killed Prince Ribbit
  9859 | D:9      | Found a staircase to the Lair.
  9881 | D:9      | Noticed Psyche
  9882 | D:9      | HP: 21/80 [komodo dragon (11)]
  9884 | D:8      | HP: 10/80 [komodo dragon (11)]
  9967 | D:9      | Found a flagged portal.
  9988 | Bailey   | Entered a bailey
  9988 | Bailey   | Noticed Trivium's ghost (novice HOFi)
 10013 | Bailey   | Killed Trivium's ghost
 10013 | Bailey   | Reached **** piety under Okawaru
 10013 | Bailey   | Reached skill level 8 in Armour
 10021 | Bailey   | Noticed an orc warlord
 10176 | Bailey   | Noticed an orc knight
 10199 | Bailey   | Killed an orc knight
 10199 | Bailey   | Reached skill level 14 in Unarmed Combat
 10199 | Bailey   | Reached XP level 11. HP: 76/85 MP: 8/11
 10274 | Bailey   | Found a runed gate.
 10276 | Bailey   | Found a runed gate.
 10277 | Bailey   | Found a runed gate.
 10405 | Bailey   | Killed an orc warlord
 10445 | Bailey   | Got a smoking graven amulet
 10482 | Bailey   | Identified a cursed +3 rod of the swarm (14/14) (You found it in a bailey)
 10483 | Bailey   | Identified the amulet of Temperance {Gourm rF+} (You found it in a bailey)
 10564 | D:9      | Killed Psyche
 10570 | D:9      | Reached ***** piety under Okawaru
 10762 | D:9      | Reached skill level 15 in Unarmed Combat
 10879 | D:9      | Reached skill level 9 in Armour
 11311 | D:9      | Noticed a two-headed hydra
 11392 | Lair:1   | Entered Level 1 of the Lair of Beasts
 11490 | Lair:1   | Received a gift from Okawaru
 11497 | Lair:1   | Got a faintly glowing plate armour {god gift}
 11526 | Lair:1   | Identified the +0 plate armour "Itsy" {rF+ rN+} (Okawaru gifted it to you on level 1 of the Lair of Beasts)
 11526 | Lair:1   | Noticed a five-headed hydra
 11540 | Lair:1   | Found a labyrinth entrance.
 11549 | Lab      | Entered a labyrinth
 11587 | Lab      | Reached skill level 5 in Fighting
 11706 | Lab      | Noticed a minotaur
 11707 | Lab      | Noticed a hill giant
 11737 | Lab      | Killed a minotaur
 11748 | Lab      | Identified a +8 rod of shadows (2/13) {!a} (You took it off a minotaur in a labyrinth)
 11765 | Lab      | Identified the Papyrus of the Compass
 11786 | Lab      | Identified a +4 rod of the swarm (11/11) (You found it in a labyrinth)
 11836 | Lair:1   | Reached skill level 6 in Fighting
 12013 | Lair:1   | Reached skill level 10 in Armour
 12178 | Lair:1   | Killed a five-headed hydra
 12178 | Lair:1   | Reached skill level 7 in Fighting
 12178 | Lair:1   | Reached XP level 12. HP: 83/100 MP: 9/12
 12518 | Lair:1   | Reached skill level 8 in Fighting
 13120 | Lair:1   | Identified a scroll of acquirement
 13288 | Lair:2   | Reached skill level 11 in Armour
 13552 | Lair:2   | Reached skill level 9 in Fighting
 13555 | Lair:2   | Received a gift from Okawaru
 13740 | Lair:2   | Found a snail-covered altar of Cheibriados.
 14310 | Lair:3   | Noticed Harold
 14325 | Lair:3   | Killed Harold
 14367 | Lair:3   | Reached skill level 10 in Fighting
 14732 | Lair:3   | Found a staircase to the Shoals.
 14800 | Lair:3   | Reached XP level 13. HP: 107/114 MP: 11/13
 14960 | Lair:3   | Reached skill level 12 in Armour
 15662 | Lair:4   | Reached skill level 11 in Fighting
 15800 | Lair:4   | Reached skill level 1 in Invocations
 15848 | Lair:4   | Reached skill level 2 in Invocations
 16109 | Lair:4   | Reached skill level 3 in Invocations
 17193 | Lair:5   | Reached skill level 4 in Invocations
 17367 | Lair:5   | Reached skill level 12 in Fighting
 17980 | Lair:6   | Reached skill level 5 in Invocations
 18048 | Lair:6   | Reached skill level 13 in Armour
 18057 | Lair:6   | Received a gift from Okawaru
 18236 | Lair:6   | Found a staircase to the Snake Pit.
 18267 | Lair:6   | Reached XP level 14. HP: 107/127 MP: 14/17
 18720 | Lair:6   | Reached skill level 6 in Invocations
 19436 | Lair:7   | Reached skill level 13 in Fighting
 19571 | Lair:7   | Reached skill level 7 in Invocations
 19595 | Lair:7   | HP: 37/128 [elephant (2)]
 19910 | Lair:7   | Reached ****** piety under Okawaru
 19910 | Lair:7   | Received a gift from Okawaru
 19917 | Lair:7   | Got a heavily runed buckler {god gift}
 19926 | Lair:7   | Identified the +5 buckler of Sunlight {rElec rF- Int+2 Stlth+} (Okawaru gifted it to you on level 7 of the Lair of Beasts)
 20292 | Lair:7   | Reached skill level 8 in Invocations
 20317 | Lair:7   | Reached skill level 2 in Throwing
 20809 | Lair:8   | Entered Level 8 of the Lair of Beasts
 20859 | Lair:8   | Found a viscous altar of Jiyva.
 20859 | Lair:8   | Found a staircase to the Slime Pits.
 20936 | Lair:7   | Reached skill level 14 in Armour
 20960 | Lair:7   | Reached skill level 3 in Throwing
 21537 | Lair:8   | Reached XP level 15. HP: 129/137 MP: 20/20
 21901 | Lair:8   | Reached skill level 14 in Fighting
 21901 | Lair:8   | Reached skill level 4 in Throwing
 22036 | Lair:8   | Identified Sif Muna's Collected Works on the Vitriolic Oath
 22287 | Lair:8   | Received a gift from Okawaru
 22661 | D:7      | Reached skill level 5 in Throwing
 22684 | D:7      | Bought a scroll of identify for 46 gold pieces
 22715 | D:10     | Entered Level 10 of the Dungeon
 22944 | D:10     | Noticed Gastronok
 22968 | D:10     | Killed Gastronok
 23030 | D:10     | Noticed Fannar
 23036 | D:10     | Killed Fannar
 23359 | D:10     | Noticed Josephine
 23372 | D:10     | Killed Josephine
 23955 | D:11     | Found a flickering gateway to a bazaar.
 23971 | Bazaar   | Entered a bazaar
 23971 | Bazaar   | Found Faebariutt's Distillery.
 23971 | Bazaar   | Found Ezaezxi's Assorted Antiques.
 23971 | Bazaar   | Found Ladiliph's Antique Weapon Shop.
 23971 | Bazaar   | Found Kinguc's Antique Armour Shoppe.
 24036 | Bazaar   | Bought a scroll of identify for 32 gold pieces
 24036 | Bazaar   | Bought a scroll labeled LEOM DUNLEAFF for 16 gold pieces
 24036 | Bazaar   | Bought a short smoking rod for 192 gold pieces
 24036 | Bazaar   | Bought a potion of haste for 160 gold pieces
 24036 | Bazaar   | Bought a scroll of enchant armour for 120 gold pieces
 24045 | Bazaar   | Identified a +2 rod of clouds (10/10) (You bought it in a shop in a bazaar)
 24051 | Bazaar   | Bought a potion of curing for 39 gold pieces
 24057 | Bazaar   | Bought a potion of might for 52 gold pieces
 24767 | D:11     | Found a stormy altar of Qazlal.
 25138 | D:11     | Upgraded the game from 0.18-a0-1121-gb454403 to 0.18-a0-1123-gbd92598
 25415 | D:12     | Reached skill level 6 in Throwing
 25540 | D:12     | Found a staircase to the Orcish Mines.
 26091 | D:12     | Noticed tof's ghost (journeyman HOFi)
 26831 | Orc:1    | Entered Level 1 of the Orcish Mines
 27066 | Orc:2    | Entered Level 2 of the Orcish Mines
 27125 | Orc:1    | Received a gift from Okawaru
 27171 | Orc:1    | HP: 39/139 [ogre/giant club (8)]
 27270 | Orc:1    | Reached skill level 15 in Armour
 27384 | Orc:1    | Reached skill level 7 in Throwing
 27523 | Orc:2    | Found Guceusch's Distillery.
 27529 | Orc:2    | Found Qecokezuna's Food Shoppe.
 27534 | Orc:2    | Reached skill level 15 in Fighting
 27537 | Orc:2    | Found Tiptulu's Magic Scroll Shop.
 27566 | Orc:2    | HP: 33/141 [ogre/giant spiked club (18)]
 27671 | Orc:2    | Reached XP level 16. HP: 120/149 MP: 21/21
 27693 | Orc:2    | Received a gift from Okawaru
 27787 | Orc:2    | Found Xamar's Book Shop.
 27802 | Orc:2    | Bought a scroll of noise for 14 gold pieces
 27860 | Orc:2    | HP: 42/147 [ogre/giant club (11)]
 28149 | Orc:2    | Found a staircase to the Elven Halls.
 28154 | Orc:2    | Found a roughly hewn altar of Beogh.
 28506 | Orc:1    | Noticed Erica
 28526 | Orc:2    | Killed Erica
 28526 | Orc:2    | Received a gift from Okawaru
 29256 | D:13     | Got a shimmering leather armour
 29267 | D:13     | Identified the cursed +1 leather armour "Jiuw" {rPois rF+ Dex+7} (You found it on level 13 of the Dungeon)
 29326 | D:13     | Reached skill level 8 in Throwing
 29347 | D:13     | Noticed totalnoob's ghost (novice FoFi)
 29359 | D:13     | Killed totalnoob's ghost
 30568 | D:13     | HP: 39/149 [skeletal warrior/mace (11)]
 30579 | D:13     | HP: 34/149 [skeletal warrior/halberd (16)]
 30582 | D:13     | HP: 12/149 [skeletal warrior/halberd (19)]
 30588 | D:13     | Reached skill level 9 in Throwing
 30722 | D:13     | Received a gift from Okawaru
 30734 | D:13     | --+1 crystal plate - now you're talking Oka!
 31144 | D:14     | Got a warped lajatang
 31421 | D:14     | Found a gate to the Vaults.
 31622 | D:14     | Reached skill level 16 in Armour
 31821 | D:14     | Reached skill level 1 in Evocations
 31843 | D:14     | HP: 43/149 [slime creature (4)]
 32231 | D:14     | Reached skill level 2 in Evocations
 32254 | D:15     | Entered Level 15 of the Dungeon
 32312 | D:14     | Reached skill level 10 in Throwing
 32343 | D:14     | HP: 44/149 [purple ugly thing (6)]
 32344 | D:14     | Reached skill level 1 in Dodging
 32454 | D:15     | HP: 34/149 [death knight/enchanted morningstar (20)]
 32822 | D:14     | Reached skill level 3 in Evocations
 32957 | D:14     | Reached skill level 2 in Dodging
 33094 | D:15     | Received a gift from Okawaru
 33242 | D:15     | Reached XP level 17. HP: 112/153 MP: 22/22
 33605 | D:15     | Reached skill level 3 in Dodging
 33967 | D:15     | Found a staircase to the Depths.
 33995 | D:15     | Reached skill level 4 in Evocations
 34892 | Snake:1  | Entered Level 1 of the Snake Pit
 34901 | Snake:1  | Reached skill level 4 in Dodging
 35186 | Snake:1  | Noticed Aizul
 35225 | Snake:1  | Killed Aizul
 35328 | Snake:1  | Reached skill level 5 in Evocations
 35511 | Snake:1  | Received a gift from Okawaru
 35594 | Snake:1  | HP: 41/156 [black mamba (6)]
 35635 | Snake:1  | HP: 46/156 [black mamba (2)]
 35640 | Snake:1  | HP: 29/156 [black mamba (1)]
 35672 | Snake:1  | Reached skill level 16 in Unarmed Combat
 35741 | Snake:1  | Reached skill level 5 in Dodging
 36250 | Snake:2  | Found a frozen archway.
 36316 | IceCv    | Entered an ice cave
 36515 | IceCv    | Reached skill level 6 in Evocations
 36748 | IceCv    | Received a gift from Okawaru
 37065 | IceCv    | Received a gift from Okawaru
 37168 | IceCv    | Noticed an Ice Fiend
 37188 | IceCv    | Killed an Ice Fiend
 37188 | IceCv    | Reached skill level 6 in Dodging
 37226 | IceCv    | Got a pair of steaming gloves
 37246 | IceCv    | Identified the +1 pair of gloves "Giycabe" {*Contam Str+4 Int+4 Dex+2} (You found it in an ice cave)
 37822 | Snake:2  | Found Ujurr's Antique Weapon Boutique.
 38531 | Snake:3  | Found Xiacir's General Store.
 38711 | Snake:3  | Reached skill level 7 in Evocations
 38778 | Snake:3  | HP: 46/156 [naga warrior/war axe (6)]
 38784 | Snake:3  | HP: 36/156 [naga/halberd (5)]
 38856 | Snake:3  | Found Fithuibae's Food Shop.
 39258 | Snake:3  | Found Hyili's Distillery.
 39291 | Snake:3  | Reached skill level 7 in Dodging
 39291 | Snake:3  | Reached XP level 18. HP: 132/162 MP: 23/23
 39349 | Snake:3  | Noticed Vashnia
 39362 | Snake:3  | Killed Vashnia
 39420 | Snake:3  | Bought a potion of heal wounds for 95 gold pieces
 39420 | Snake:3  | Bought a potion of heal wounds for 95 gold pieces
 39420 | Snake:3  | Bought a potion of heal wounds for 95 gold pieces
 39886 | Snake:3  | Found Vupateck's Gadget Shoppe.
 39967 | Snake:3  | Received a gift from Okawaru
 40271 | Shoals:1 | Entered Level 1 of the Shoals
 40406 | Shoals:1 | Reached skill level 8 in Evocations
 40587 | Lair:3   | Reached skill level 17 in Unarmed Combat
 40667 | Shoals:1 | Reached skill level 8 in Dodging
 41838 | Shoals:2 | Received a gift from Okawaru
 41876 | Shoals:2 | Noticed Jorgrun
 41891 | Shoals:2 | Killed Jorgrun
 41891 | Shoals:2 | Reached skill level 1 in Shields
 41981 | Shoals:2 | Reached skill level 2 in Shields
 42381 | Shoals:2 | Reached skill level 9 in Evocations
 42753 | Shoals:3 | Reached skill level 3 in Shields
 43127 | Shoals:3 | Reached skill level 4 in Shields
 43775 | Snake:4  | Entered Level 4 of the Snake Pit
 43849 | Snake:4  | Received a gift from Okawaru
 43981 | Snake:4  | Reached skill level 5 in Shields
 44004 | Snake:4  | Reached XP level 19. HP: 131/170 MP: 25/25
 44074 | Snake:4  | HP: 47/170 [salamander/glaive (15)]
 44673 | Snake:4  | Reached skill level 10 in Evocations
 44736 | Snake:4  | Received a gift from Okawaru
 44848 | Snake:4  | Reached skill level 18 in Unarmed Combat
 44866 | Snake:4  | Received a gift from Okawaru
 44867 | Snake:4  | Got a crude glaive {god gift}
 45371 | Snake:4  | Received a gift from Okawaru
 45478 | Snake:4  | Reached skill level 11 in Evocations
 45500 | Snake:4  | Got a distressingly furry hat {god gift}
 45538 | Snake:4  | Identified the +0 hat "Gototsun" {Int+4} (Okawaru gifted it to you on level 4 of the Snake Pit)
 45572 | Snake:4  | Got a serpentine rune of Zot
 46084 | Lair:1   | Identified the +4 glaive of Ateidapacai {freeze, Dex+5 Stlth+} (Okawaru gifted it to you on level 4 of the Snake Pit)
 46234 | Shoals:4 | Entered Level 4 of the Shoals
 46738 | Shoals:4 | HP: 50/170 [merfolk impaler/trident of venom (4)]
 46745 | Shoals:4 | HP: 34/170 [merfolk impaler/trident of venom (8)]
 47033 | Shoals:4 | Noticed Ilsuiw
 47086 | Shoals:4 | Killed Ilsuiw
 47129 | Shoals:4 | Reached skill level 19 in Unarmed Combat
 47173 | Shoals:4 | Received a gift from Okawaru
 47206 | Shoals:4 | Got an iridescent executioner's axe {god gift}
 47239 | Shoals:4 | Got a barnacled rune of Zot
 47248 | Shoals:4 | Identified the +1 executioner's axe of the Firefly {freeze, *Drain rElec rF+ MR+++} (Okawaru gifted it to you on level 4 of the Shoals)
 47457 | Shoals:4 | Reached skill level 12 in Evocations
 47661 | Shoals:4 | Reached XP level 20. HP: 173/177 MP: 28/28
 48039 | Vaults:1 | Entered Level 1 of the Vaults
 48640 | Vaults:1 | Received a gift from Okawaru
 48641 | Vaults:1 | Got a faintly glowing robe {god gift}
 48669 | Vaults:1 | Identified the +1 robe of Uzow {MP+9 Dex+3} (Okawaru gifted it to you on level 1 of the Vaults)
 48872 | Vaults:1 | Found Omauppen's General Store.
 49139 | Vaults:1 | Got a scorched scale mail
 49140 | Vaults:1 | Identified the +1 scale mail of the Shoals {rPois Dex+4} (You found it on level 1 of the Vaults)
 49195 | Vaults:1 | Reached skill level 13 in Evocations
 49216 | Vaults:1 | Reached skill level 20 in Unarmed Combat
 49683 | Vaults:1 | Received a gift from Okawaru
 50745 | Vaults:2 | Received a gift from Okawaru
 50940 | Vaults:2 | Found Cumig's Antique Weapon Shoppe.
 50941 | Vaults:2 | Found a portal to a secret trove of treasure.
 51043 | Vaults:2 | Reached skill level 14 in Evocations
 51058 | Vaults:2 | Reached XP level 21. HP: 119/184 MP: 30/30
 51646 | Vaults:2 | Reached skill level 17 in Armour
 51678 | Vaults:2 | HP: 50/184 [stone giant (28)]
 51689 | Vaults:2 | HP: 40/184 [deep troll[an ironheart preserver] (11)]
 51702 | Vaults:2 | HP: 50/184 [yaktaur/bolt[a yaktaur captain] (7)]
 51849 | Vaults:2 | Found a staircase to the Crypt.
 51849 | Vaults:2 | Found an ancient bone altar of Kikubaaqudgha.
 51850 | Vaults:2 | Found a basalt altar of Yredelemnul.
 52956 | Vaults:3 | Found Zutal's Distillery.
 53070 | Vaults:3 | Received a gift from Okawaru
 53105 | Vaults:3 | HP: 54/184 [deep troll[an ironheart preserver] (11)]
 53109 | Vaults:3 | Received a gift from Okawaru
 53376 | Vaults:3 | Reached skill level 15 in Evocations
 53874 | Vaults:3 | Upgraded the game from 0.18-a0-1123-gbd92598 to 0.18-a0-1126-ga2d7f46
 55372 | Vaults:3 | Received a gift from Okawaru
 55372 | Vaults:3 | Reached skill level 18 in Armour
 55384 | Vaults:3 | Got a pair of twisted boots {god gift}
 55430 | Vaults:3 | Identified the +3 pair of boots of the Ten Moons {*Confuse rPois Str-3 Dex+8} (Okawaru gifted it to you on level 3 of the Vaults)
 55626 | Vaults:4 | Reached XP level 22. HP: 189/192 MP: 32/32
 56009 | Vaults:4 | Found Bekurr's Assorted Antiques.
 56014 | Vaults:4 | Bought a shiny moonstone ring for 210 gold pieces
 56231 | Vaults:4 | Reached skill level 19 in Armour
 56656 | Vaults:4 | Received a gift from Okawaru
 56772 | Vaults:4 | Received a gift from Okawaru
 57415 | Vaults:4 | HP: 54/192 [freezing wraith[a death knight] (11)]
 57419 | Vaults:4 | HP: 6/192 [vault warden/great sword (27)]
 57427 | Vaults:4 | HP: 28/192 [yaktaur/bolt[a vault warden] (6)]
 57726 | Vaults:4 | Noticed a caustic shrike
 57726 | Vaults:4 | a caustic shrike changed into a shadow dragon
 57732 | Vaults:4 | Noticed a caustic shrike
 57732 | Vaults:4 | a shadow dragon changed into a caustic shrike
 57733 | Vaults:4 | a caustic shrike changed into an acid blob
 58227 | Vaults:4 | Received a gift from Okawaru
 58244 | Vaults:4 | Reached skill level 20 in Armour
 59001 | Crypt:1  | Entered Level 1 of the Crypt
 59121 | Crypt:1  | Reached skill level 9 in Dodging
 60008 | Crypt:1  | Received a gift from Okawaru
 60324 | Crypt:1  | Received a gift from Okawaru
 60324 | Crypt:1  | Reached XP level 23. HP: 86/194 MP: 26/33
 60390 | Crypt:1  | Reached skill level 11 in Throwing
 60964 | Crypt:1  | Cast into level 2 of the Abyss (skeletal warrior)
 61237 | Abyss:2  | Reached skill level 10 in Dodging
 61304 | Abyss:2  | HP: 50/197 [tentacled starspawn (13)]
 61323 | Abyss:2  | HP: 34/199 [raiju/living lightning (24)]
 61334 | Abyss:2  | HP: 15/199 [raiju/living lightning (17)]
 61418 | Abyss:2  | HP: 27/199 [ynoxinul/iron shot (30)]
 61435 | Abyss:2  | HP: 14/199 [smoke demon/divine providence (15)]
 61443 | Abyss:2  | HP: 7/199 [small abomination (9)]
 61660 | Abyss:2  | HP: 57/197 [burnt (4)]
 61740 | Abyss:2  | HP: 52/197 [bone dragon (8)]
 61745 | Abyss:2  | HP: 52/197 [bone dragon (1)]
 61760 | Abyss:2  | HP: 35/197 [ancient zyme (9)]
 61963 | Abyss:2  | HP: 56/197 [reaper/vampiric scythe (21)]
 61971 | Abyss:2  | HP: 45/197 [raiju (1)]
 61993 | Abyss:2  | HP: 34/197 [ghost moth zombie (4)]
 62212 | Abyss:2  | HP: 57/198 [tentacled starspawn (16)]
 62276 | Crypt:1  | Escaped the Abyss
 62649 | Crypt:1  | Reached skill level 12 in Throwing
 62866 | Crypt:2  | Reached skill level 11 in Dodging
 63098 | Crypt:1  | Received a gift from Okawaru
 64034 | Crypt:2  | HP: 57/191 [jiangshi (10)]
 64045 | Crypt:2  | HP: 48/191 [jiangshi (1)]
 64412 | Crypt:2  | Received a gift from Okawaru
 64795 | Crypt:2  | Identified the Tome of Black Secrets (You found it on level 2 of the Crypt)
 65031 | Crypt:3  | Entered Level 3 of the Crypt
 65571 | Crypt:3  | Received a gift from Okawaru
 65719 | Crypt:3  | Reached skill level 12 in Dodging
 65744 | Crypt:3  | Noticed Donald
 65763 | Crypt:3  | Reached skill level 13 in Throwing
 65783 | Crypt:3  | Killed Donald
 65792 | Crypt:3  | HP: 58/199 [necrophage (3)]
 66831 | Crypt:3  | Reached XP level 24. HP: 163/204 MP: 33/33
 66846 | Crypt:3  | Received a gift from Okawaru
 67400 | Crypt:2  | HP: 47/203 [ghoul (16)]
 67407 | Crypt:2  | HP: 26/203 [ghoul (6)]
 67807 | Crypt:3  | Received a gift from Okawaru
 68439 | Crypt:3  | HP: 49/204 [skeletal warrior/glaive[an ancient champion] (16)]
 68467 | Crypt:3  | Reached skill level 13 in Dodging
 68472 | Crypt:3  | HP: 36/204 [phantasmal warrior (16)]
 68477 | Crypt:3  | Reached skill level 14 in Throwing
 68481 | Crypt:3  | HP: 36/204 [vampire (1)]
 69128 | Crypt:3  | Got a sparkling wooden ring
 69128 | Crypt:3  | Got a steaming silver ring
 69136 | Crypt:3  | Identified the ring "Voxzug" {+Blink rElec rF- rN+ MR+} (You found it on level 3 of the Crypt)
 69137 | Crypt:3  | Identified the ring "Kupeilos" {*Corrode rN+ MP+9 Dex+2} (You found it on level 3 of the Crypt)
 69187 | Crypt:3  | Identified Spellcraft, Part Three (You found it on level 3 of the Crypt)
 69375 | Crypt:3  | Identified the Papyrus of Unholy Arts
 69584 | Crypt:3  | Found a staircase to the Tomb.
 70156 | D:12     | Killed tof's ghost
 70403 | Elf:1    | Entered Level 1 of the Elven Halls
 70905 | Elf:1    | Found Avestiem's Antique Armour Emporium.
 71071 | Elf:1    | Noticed Roxanne
 71367 | Elf:1    | Received a gift from Okawaru
 71412 | Elf:1    | HP: 61/207 [fire elemental[a deep elf mage] (14)]
 71417 | Elf:1    | HP: 33/207 [fire elemental[a deep elf mage] (6)]
 71636 | Elf:1    | Identified Hinihup's Volume of Arcane Weapons
 71943 | Elf:1    | Reached skill level 14 in Dodging
 72219 | Elf:2    | Received a gift from Okawaru
 72268 | Elf:2    | Reached skill level 16 in Fighting
 72482 | Elf:2    | Found a runed gate.
 72482 | Elf:2    | Found a runed gate.
 72484 | Elf:2    | Found a runed gate.
 72628 | Elf:3    | Entered Level 3 of the Elven Halls
 73258 | Elf:3    | Received a gift from Okawaru
 73303 | Elf:3    | Got a crystal hunting sling {god gift}
 73628 | Elf:3    | Reached XP level 25. HP: 170/218 MP: 33/33
 73965 | Elf:3    | Reached skill level 17 in Fighting
 74049 | Elf:3    | HP: 52/220 [deep elf annihilator/crystal spear (57)]
 74052 | Elf:3    | Reached skill level 21 in Unarmed Combat
 74059 | Elf:3    | HP: 47/220 [deep elf annihilator/poison arrow (8)]
 74069 | Elf:3    | HP: 26/221 [deep elf annihilator/bolt of lightning (39)]
 74163 | Elf:3    | Received a gift from Okawaru
 74237 | Elf:3    | Got a faintly humming large shield
 74240 | Elf:3    | Identified the cursed -1 large shield of the Lair of Beasts {MR+ rCorr MP+9} (You took it off a deep elf demonologist on level 3 of the Elven Halls)
 74246 | Elf:3    | Identified the +4 hunting sling "Wumokuz" {venom, MR+ MP+9 Int+4 Dex+4} (Okawaru gifted it to you on level 3 of the Elven Halls)
 74480 | Elf:3    | Got a wavering wooden ring
 74663 | Elf:3    | Upgraded the game from 0.18-a0-1126-ga2d7f46 to 0.18-a0-1140-g8540535
 74966 | Lair:1   | Identified the ring "Deobbaolo" {MP+9 Str+2} (You found it on level 3 of the Elven Halls)
 75358 | Elf:3    | Got a shimmering ring mail
 75405 | Elf:3    | Identified the +1 ring mail of Egalitarianism {rC- Dex+3} (You found it on level 3 of the Elven Halls)
 75915 | Depths:1 | Entered Level 1 of the Depths
 75925 | Depths:1 | Received a gift from Okawaru
 76383 | Depths:1 | Noticed Nikola
 76440 | Depths:1 | Killed Nikola
 76571 | Depths:1 | Reached skill level 18 in Fighting
 76577 | Depths:1 | Noticed Asterion
 76595 | Depths:1 | Killed Asterion
 76660 | Depths:1 | Found a gateway to Hell.
 76952 | Depths:1 | Received a gift from Okawaru
 77051 | Depths:1 | Got a shimmering glass ring
 77416 | D:15     | Identified the ring "Maukhlub" {rCorr +Blink rC- rN+++} (You took it off an orc knight on level 1 of the Depths)
 77526 | Depths:2 | Received a gift from Okawaru
 77527 | Depths:2 | Got an ivory hand crossbow {god gift}
 77531 | Depths:2 | Identified the +9 hand crossbow "Alalies" {venom, Fragile rF+ Int+6 SInv} (Okawaru gifted it to you on level 2 of the Depths)
 77758 | Depths:2 | Found a gateway to a ziggurat.
 77912 | Depths:2 | Reached skill level 22 in Unarmed Combat
 78210 | Depths:2 | Found a one-way gate to the infinite horrors of the Abyss.
 78582 | Depths:2 | Reached XP level 26. HP: 201/233 MP: 33/33
 78664 | Depths:2 | Received a gift from Okawaru
 78787 | Depths:2 | Reached skill level 19 in Fighting
 78968 | Depths:2 | Received a gift from Okawaru
 79229 | Depths:2 | Got a flickering bone amulet
 79244 | Depths:2 | Identified the amulet "Utiot" {Reflect rPois Int+4 SH+3} (You took it off a frost giant on level 2 of the Depths)
 79254 | Depths:2 | Found a snail-covered altar of Cheibriados.
 79293 | Depths:2 | Identified the Incunabulum of Free Will
 79752 | Orc:2    | Bought 2 potions of heal wounds for 150 gold pieces
 80261 | Vaults:2 | You paid a toll of 10 potions of heal wounds to enter a treasure trove
 80262 | Trove    | Entered a treasure trove
 80288 | Trove    | Got an ancient scale mail
 80291 | Trove    | Got a transparent scale mail
 80347 | Trove    | Identified the cursed +1 scale mail "Gawnob" {Slay+2} (You found it in a treasure trove)
 80358 | Trove    | Identified the +6 scale mail "Riseguel" {rElec rCorr Int-4} (You found it in a treasure trove)
 80959 | Depths:3 | Found a one-way gate leading to the halls of Pandemonium.
 81374 | Depths:3 | HP: 69/237 [ice dragon (illusionary)/blast of cold (7)]
 81381 | Depths:3 | HP: 62/237 [ice dragon (illusionary) (8)]
 81598 | Depths:3 | Received a gift from Okawaru
 81828 | Depths:3 | Reached skill level 20 in Fighting
 81891 | Depths:3 | Got a twitching marble ring
 81893 | Depths:3 | Identified the ring "Pyxi" {Ice *Contam rElec Str+4 Int+4} (You found it on level 3 of the Depths)
 81958 | Depths:3 | Paralysed by a sphinx for 5 turns
 81969 | Depths:3 | Reached skill level 21 in Armour
 83078 | Depths:4 | HP: 60/240 [ice dragon/blast of cold[a boggart] (18)]
 83084 | Depths:4 | HP: 38/240 [frost giant/bolt of cold (7)]
 83744 | Depths:4 | Found Vuit's Food Emporium.
 83750 | Depths:4 | Found a corrupted altar of Lugonu.
 83864 | Depths:4 | HP: 72/242 [Executioner[a deep elf demonologist] (4)]
 83870 | Depths:4 | HP: 55/242 [Executioner[a deep elf demonologist] (8)]
 83876 | Depths:4 | HP: 46/242 [Executioner[a deep elf demonologist] (4)]
 83884 | Depths:4 | Received a gift from Okawaru
 83885 | Depths:4 | Got a scorched battleaxe {freeze}
 84004 | Depths:4 | Reached XP level 27. HP: 79/249 MP: 33/33
 84006 | Depths:4 | HP: 66/249 [yaktaur/bolt[a yaktaur captain] (14)]
 84014 | Depths:4 | HP: 60/249 [yaktaur/spear[a yaktaur captain] (7)]
 84020 | Depths:4 | HP: 59/249 [yaktaur captain (3)]
 84143 | Depths:4 | Reached skill level 21 in Fighting
 84171 | Depths:4 | Received a gift from Okawaru
 84218 | Depths:4 | Got a bronze scale mail
 84590 | Depths:4 | Reached skill level 22 in Armour
 84780 | Depths:4 | Received a gift from Okawaru
 84803 | Depths:4 | Noticed Boris
 84828 | Depths:4 | Killed Boris
 84980 | Depths:4 | Found a runed door.
 85428 | Depths:4 | Identified the +3 scale mail of Divine Intervention {*Contam rC+ Dex+2 SInv} (You took it off a spriggan on level 4 of the Depths)
 85434 | Depths:4 | Noticed an iron giant
 85467 | Depths:4 | Killed an iron giant
 85555 | Depths:4 | HP: 75/254 [spriggan berserker/antimagic quarterstaff (8)]
 85563 | Depths:4 | HP: 57/254 [spriggan berserker/antimagic quarterstaff (4)]
 86357 | Depths:5 | Entered Level 5 of the Depths
 86363 | Depths:5 | Reached skill level 22 in Fighting
 87281 | Depths:5 | Noticed an iron giant
 87301 | Depths:5 | Received a gift from Okawaru
 87301 | Depths:5 | HP: 63/254 [iron giant/iron shot (23)]
 87302 | Depths:5 | Killed from afar by an iron giant

Vault maps used:
D:1:      nicolae_arrival_memento_mori, minmay_crystal_room
D:3:      minmay_goblin_kobold_castle, yredelemnul_altar_generic, uniq_terence
D:4:      temple_doors_a, gup_sewer_entry_pipe, first_bread,
          grunt_decor_clamped, dk_vineyard_1
D:5:      serial_shops, shop, grunt_decor_cap, serial_bayou_pond_d
D:6:      kennysheep_mini, uniq_menkaure
D:7:      kennysheep_big_flooded_room, kennysheep_little_box,
          amethyst_overflow_temple_binary, grunt_temple_overflow_opulence,
          serial_shops, nicolae_shop_overgrown_old_shop, uniq_duvessa
D:8:      nicolae_overflow_hidden_temple, serial_shops, shop
D:9:      dpeg_lair_monsters, enter_bailey_3, hangedman_ranch,
          uniq_prince_ribbit1, uniq_psyche
D:10:     uniq_gastronok, uniq_josephine, uniq_fannar
D:11:     serial_shops, freezing_bzr, nicolae_qazlal_style_of_elements
D:12:     erik_orc_3, corexii_hall_statues_l, worms_lemuel
D:13:     minmay_imperfect_grid
D:14:     hangedman_vaults_entry_quadrant_bands, serial_park_square1
D:15:     gammafunk_depths_entry_grave, nicolae_twisting_strands
Temple:   circular_temple_12
Lair:1:   lab_entry_generic, grunt_megastairs_3
Lair:2:   kennysheep_snail_temple
Lair:3:   elwin_shoals_entry_stream, serial_bayou_pond_e, lemuel_old_faithful,
          uniq_harold
Lair:4:   minivault_19, beast_lair_carwin_6, grunt_megastairs_2,
          serial_bayou_shore_b
Lair:5:   grunt_forest_stairs_basic, lemuel_fruit_fields
Lair:6:   minmay_snake_entry_guardpost_small, serial_bayou_shore_b
Lair:8:   due_jungle_book, slime_altar_1, serial_bayou_pond_e
Shoals:2: st_sunken_huts, uniq_jorgrun
Shoals:4: shoals_end_hangedman, shoal_ilsuiw
Snake:1:  hangedman_snake_corridor_cut, serial_bayou_shore_b, uniq_aizul
Snake:2:  serial_shops, shop, portal_ice_cave_entry_ice_statue_01
Snake:3:  serial_shops, nicolae_shop_crystal, shop, shop, shop, uniq_vashnia
Snake:4:  snake_pit, hangedman_snake_pattern, spider_trap,
          hangedman_corner_corridor
Orc:1:    uniq_erica
Orc:2:    st_orc_open, basic_altar, mines5_lemuel
Elf:1:    eino_elf_arrival_shootout, serial_shops, shop,
          minmay_elf_annihilation, minivault_28, grunt_megastairs_1,
          uniq_roxanne
Elf:3:    minmay_elf_hall_hex
Vaults:1: v_rooms_3, vaults_room_fancy_cross, nicolae_vaults_triangles,
          v_misc_33, hangedman_vaults_cutoff, ontoclasm_vaults_idyll,
          ontoclasm_vaults_eye, nicolae_vaults_yaktaur_gun_rack,
          vaults_dpeg_ring, ontoclasm_vaults_ligature, vaults_room_glass_cross,
          serial_ice_h, vaults_dpeg_hooks, serial_shops, shop_statue
Vaults:2: vaults_room_hallway, hangedman_vaults_corner_blocks, st_lattice,
          minmay_crypt_entry_necro_gods, v_misc_5, hangedman_vaults_stitches,
          vaults_mumra_chevron_long, hangedman_vaults_corner,
          hangedman_vaults_stretched_pinwheel, ontoclasm_vaults_pinch,
          nicolae_vaults_little_ls, hangedman_vaults_cutoff,
          hangedman_vaults_hat, v_misc_2, nicolae_vaults_rhombus_5,
          enter_trove_1, serial_shops, shop
Vaults:3: nicolae_vaults_little_squares_6, grunt_vaults_hallway_long,
          hangedman_vaults_cutoff, v_misc_5, v_alt_pattern_4,
          nicolae_vaults_arrows, nicolae_vaults_alarming,
          vaults_room_semicircle, vaults_mumra_hex, v_misc_10,
          grunt_vaults_focal, serial_shops, nicolae_shop_statue_plus
Vaults:4: v_rooms_4, nicolae_vaults_little_squares_2, ontoclasm_vaults_gateway,
          nicolae_vaults_big_angled_halls, nicolae_vaults_c_with_doors,
          ontoclasm_vaults_spin, hangedman_vaults_stream,
          nicolae_vaults_twisting_passages, hangedman_vaults_capsules,
          hangedman_vaults_locks, nicolae_vaults_ring_of_whatevers, v_misc_8,
          ontoclasm_vaults_misaligned, serial_shops, shop
Crypt:2:  special_room, serial_sigils_hangedman_scratch
Crypt:3:  due_elkab, tomb_entry_shell_bobbens, serial_sigils_hangedman_gut,
          st_stairs_12, minmay_misc_feat_rows, uniq_donald
Depths:1: minivault_11, hangedman_coc_ice_floe, minmay_orc_keep,
          hangedman_decor_cross_pass, uniq_nikola, uniq_asterion
Depths:2: pf_snail_temple, enter_ziggurat_a, hangedman_geh_valley, abyss_entry,
          infiniplex_staircase_zigzag_1
Depths:3: hangedman_hanging_gardens, rand_demon_pan_entry_8, hell_entry,
          minmay_acid_items, minmay_staircase_statues_hall_small
Depths:4: grunt_crosshair, serial_bayou_pond_b, serial_shops,
          nicolae_shop_statue_plus, abyss_entry_flame_altar, grunt_hell_horde,
          lightli_gold_pyramid, infiniplex_staircase_river, uniq_boris
Depths:5: grunt_runaround, pan_entry, serial_shops, hell_entry
Lab:      labyrinth_spiral, lab_statue, nicolae_lab_stuck,
          nicolae_lab_checkerboard, labyrinth_fake_exit,
          nicolae_lab_flowing_pool
Bazaar:   bazaar_minmay_generic_island
Trove:    trove_hunter_1
Sewer:    sewer_big_baddie
Bailey:   bailey_axe_bossmonster_kennysheep, bailey
IceCv:    ice_cave_caverns_01

Action                   |  1- 3 |  4- 6 |  7- 9 | 10-12 | 13-15 | 16-18 | 19-21 | 22-24 | 25-27 || total
-------------------------+-------+-------+-------+-------+-------+-------+-------+-------+-------++-------
Melee: Unarmed           |    72 |   202 |   407 |   603 |  1638 |  2504 |  2356 |  3291 |  2472 || 13545
 Fire: Blowgun           |    43 |    56 |   110 |   161 |   140 |     1 |       |       |       ||   511
Throw: Stone             |     1 |     2 |       |       |       |       |       |       |       ||     3
       Tomahawk          |       |       |    16 |    53 |   109 |   184 |    93 |       |       ||   455
       Javelin           |       |       |       |     9 |     7 |    13 |   102 |   232 |    97 ||   460
       Throwing net      |       |       |       |     1 |       |       |     2 |       |       ||     3
Invok: Heroism           |       |       |     3 |    19 |    17 |    16 |    16 |    17 |    15 ||   103
       Finesse           |       |       |       |       |       |     1 |     1 |     4 |       ||     6
 Abil: Evoke Flight      |       |       |       |     2 |       |    32 |    14 |       |       ||    48
Evoke: Wand              |       |       |       |     4 |     2 |       |     1 |     5 |     3 ||    15
       Rod               |       |       |       |     4 |     4 |       |     8 |    10 |    12 ||    38
       Sack of spiders   |       |       |       |       |       |       |       |       |     1 ||     1
  Use: Scroll            |       |     7 |    11 |    10 |    12 |     8 |     9 |    15 |    15 ||    87
       Potion            |       |       |       |     4 |       |     2 |     1 |     4 |       ||    11
 Stab: Sleeping          |     1 |       |       |       |       |       |       |       |       ||     1
       Invisible         |       |       |       |     4 |       |       |       |     1 |       ||     5
       Distracted        |       |       |       |       |       |       |       |     1 |       ||     1
       Petrifying        |       |       |       |       |       |       |       |       |     2 ||     2
       Petrified         |       |       |       |       |       |       |       |       |     1 ||     1
  Eat: Chunk             |     8 |    24 |    44 |    86 |   288 |   310 |   306 |   208 |   258 ||  1532
       Meat ration       |       |       |       |       |       |       |       |     3 |       ||     3
       Pizza             |       |       |       |       |       |       |       |     3 |       ||     3
       Royal jelly       |       |       |       |       |       |       |       |     1 |       ||     1

Table legend:
 A = Turns spent in this place as a percentage of turns spent in the entire game.
 B = Non-inter-level travel turns spent in this place as a percentage of non-inter-level travel turns spent in the entire game.
 C = Inter-level travel turns spent in this place as a percentage of turns spent in this place.
 D = Turns resting spent in this place as a percentage of non-inter-level travel turns spent in this place.
 E = Turns spent auto-exploring this place as a percentage of non-inter-level travel turns spent in this place.
 F = Non-inter-level travel turns spent in this place divided by the number of levels of this place that you've seen.
                   A       B       C       D       E      F
               +-------+-------+-------+-------+-------+----------------------
         Total | 100.0 | 100.0 |   0.5 |   0.8 |   2.2 | 807.1
       Dungeon |  21.0 |  20.9 |   0.8 |   0.3 |   3.6 | 630.1
        Temple |   0.2 |   0.2 |   0.0 |   0.0 |   0.0 |  89.0
          Lair |  13.7 |  13.6 |   0.9 |   0.6 |   2.7 | 770.4
        Shoals |   6.8 |   6.9 |   0.4 |   0.5 |   1.0 | 774.2
     Snake Pit |   7.6 |   7.6 |   0.3 |   1.2 |   2.2 | 863.5
  Orcish Mines |   2.4 |   2.3 |   1.0 |   0.4 |   1.6 | 529.5
   Elven Halls |   6.6 |   6.6 |   0.3 |   0.9 |   1.5 | 993.0
        Vaults |  14.0 |  14.1 |   0.3 |   0.6 |   1.7 | 1588.5
         Crypt |   8.6 |   8.6 |   0.6 |   1.8 |   2.1 | 1290.0
        Depths |  13.2 |  13.2 |   0.2 |   0.7 |   1.9 | 1197.6
         Abyss |   2.1 |   2.2 |   0.0 |   6.4 |   0.0 | 975.0
     Labyrinth |   0.5 |   0.5 |   0.0 |   0.0 |   0.0 | 231.0
        Bazaar |   0.2 |   0.2 |   0.0 |   0.0 |   0.0 | 102.0
         Trove |   0.2 |   0.2 |   0.0 |   0.0 |   0.0 |  72.0
         Sewer |   0.3 |   0.3 |   0.0 |   0.0 |   0.0 | 150.0
        Bailey |   1.1 |   1.1 |   0.0 |   0.0 |   0.2 | 479.0
      Ice Cave |   1.5 |   1.5 |   0.0 |   3.8 |   0.6 | 684.0
               +-------+-------+-------+-------+-------+----------------------

Vault maps used:
D:1:      nicolae_arrival_memento_mori, minmay_crystal_room
D:3:      minmay_goblin_kobold_castle, yredelemnul_altar_generic, uniq_terence
D:4:      temple_doors_a, gup_sewer_entry_pipe, first_bread,
          grunt_decor_clamped, dk_vineyard_1
D:5:      serial_shops, shop, grunt_decor_cap, serial_bayou_pond_d
D:6:      kennysheep_mini, uniq_menkaure
D:7:      kennysheep_big_flooded_room, kennysheep_little_box,
          amethyst_overflow_temple_binary, grunt_temple_overflow_opulence,
          serial_shops, nicolae_shop_overgrown_old_shop, uniq_duvessa
D:8:      nicolae_overflow_hidden_temple, serial_shops, shop
D:9:      dpeg_lair_monsters, enter_bailey_3, hangedman_ranch,
          uniq_prince_ribbit1, uniq_psyche
D:10:     uniq_gastronok, uniq_josephine, uniq_fannar
D:11:     serial_shops, freezing_bzr, nicolae_qazlal_style_of_elements
D:12:     erik_orc_3, corexii_hall_statues_l, worms_lemuel
D:13:     minmay_imperfect_grid
D:14:     hangedman_vaults_entry_quadrant_bands, serial_park_square1
D:15:     gammafunk_depths_entry_grave, nicolae_twisting_strands
Temple:   circular_temple_12
Lair:1:   lab_entry_generic, grunt_megastairs_3
Lair:2:   kennysheep_snail_temple
Lair:3:   elwin_shoals_entry_stream, serial_bayou_pond_e, lemuel_old_faithful,
          uniq_harold
Lair:4:   minivault_19, beast_lair_carwin_6, grunt_megastairs_2,
          serial_bayou_shore_b
Lair:5:   grunt_forest_stairs_basic, lemuel_fruit_fields
Lair:6:   minmay_snake_entry_guardpost_small, serial_bayou_shore_b
Lair:8:   due_jungle_book, slime_altar_1, serial_bayou_pond_e
Shoals:2: st_sunken_huts, uniq_jorgrun
Shoals:4: shoals_end_hangedman, shoal_ilsuiw
Snake:1:  hangedman_snake_corridor_cut, serial_bayou_shore_b, uniq_aizul
Snake:2:  serial_shops, shop, portal_ice_cave_entry_ice_statue_01
Snake:3:  serial_shops, nicolae_shop_crystal, shop, shop, shop, uniq_vashnia
Snake:4:  snake_pit, hangedman_snake_pattern, spider_trap,
          hangedman_corner_corridor
Orc:1:    uniq_erica
Orc:2:    st_orc_open, basic_altar, mines5_lemuel
Elf:1:    eino_elf_arrival_shootout, serial_shops, shop,
          minmay_elf_annihilation, minivault_28, grunt_megastairs_1,
          uniq_roxanne
Elf:3:    minmay_elf_hall_hex
Vaults:1: v_rooms_3, vaults_room_fancy_cross, nicolae_vaults_triangles,
          v_misc_33, hangedman_vaults_cutoff, ontoclasm_vaults_idyll,
          ontoclasm_vaults_eye, nicolae_vaults_yaktaur_gun_rack,
          vaults_dpeg_ring, ontoclasm_vaults_ligature, vaults_room_glass_cross,
          serial_ice_h, vaults_dpeg_hooks, serial_shops, shop_statue
Vaults:2: vaults_room_hallway, hangedman_vaults_corner_blocks, st_lattice,
          minmay_crypt_entry_necro_gods, v_misc_5, hangedman_vaults_stitches,
          vaults_mumra_chevron_long, hangedman_vaults_corner,
          hangedman_vaults_stretched_pinwheel, ontoclasm_vaults_pinch,
          nicolae_vaults_little_ls, hangedman_vaults_cutoff,
          hangedman_vaults_hat, v_misc_2, nicolae_vaults_rhombus_5,
          enter_trove_1, serial_shops, shop
Vaults:3: nicolae_vaults_little_squares_6, grunt_vaults_hallway_long,
          hangedman_vaults_cutoff, v_misc_5, v_alt_pattern_4,
          nicolae_vaults_arrows, nicolae_vaults_alarming,
          vaults_room_semicircle, vaults_mumra_hex, v_misc_10,
          grunt_vaults_focal, serial_shops, nicolae_shop_statue_plus
Vaults:4: v_rooms_4, nicolae_vaults_little_squares_2, ontoclasm_vaults_gateway,
          nicolae_vaults_big_angled_halls, nicolae_vaults_c_with_doors,
          ontoclasm_vaults_spin, hangedman_vaults_stream,
          nicolae_vaults_twisting_passages, hangedman_vaults_capsules,
          hangedman_vaults_locks, nicolae_vaults_ring_of_whatevers, v_misc_8,
          ontoclasm_vaults_misaligned, serial_shops, shop
Crypt:2:  special_room, serial_sigils_hangedman_scratch
Crypt:3:  due_elkab, tomb_entry_shell_bobbens, serial_sigils_hangedman_gut,
          st_stairs_12, minmay_misc_feat_rows, uniq_donald
Depths:1: minivault_11, hangedman_coc_ice_floe, minmay_orc_keep,
          hangedman_decor_cross_pass, uniq_nikola, uniq_asterion
Depths:2: pf_snail_temple, enter_ziggurat_a, hangedman_geh_valley, abyss_entry,
          infiniplex_staircase_zigzag_1
Depths:3: hangedman_hanging_gardens, rand_demon_pan_entry_8, hell_entry,
          minmay_acid_items, minmay_staircase_statues_hall_small
Depths:4: grunt_crosshair, serial_bayou_pond_b, serial_shops,
          nicolae_shop_statue_plus, abyss_entry_flame_altar, grunt_hell_horde,
          lightli_gold_pyramid, infiniplex_staircase_river, uniq_boris
Depths:5: grunt_runaround, pan_entry, serial_shops, hell_entry
Lab:      labyrinth_spiral, lab_statue, nicolae_lab_stuck,
          nicolae_lab_checkerboard, labyrinth_fake_exit,
          nicolae_lab_flowing_pool
Bazaar:   bazaar_minmay_generic_island
Trove:    trove_hunter_1
Sewer:    sewer_big_baddie
Bailey:   bailey_axe_bossmonster_kennysheep, bailey
IceCv:    ice_cave_caverns_01
